 Dungeon Crawl Stone Soup version 0.29.0-5-ge4962eb29e (webtiles) character file.

Game seed: 11516938376336937571

494 ImASeal the Cudgeller (level 6, 0/51 HPs)
             Began as a Draconian Artificer on Aug 28, 2022.
             Slain by an ogre
             ... wielding a +0 giant club
              (18 damage)
             ... on level 4 of the Dungeon.
             The game lasted 00:18:23 (3581 turns).

ImASeal the Cudgeller (Draconian Artificer)         Turns: 3581, Time: 00:18:23

Health: 0/51       AC:  6    Str: 16    XL:     6   Next: 92%
Magic:  0/6        EV: 12    Int: 12    God:
Gold:   365        SH:  0    Dex: 11    Spells: 5/5 levels left

rFire   . . .      SeeInvis .   k - +3 mace (distort)
rCold   + . .      Faith    .   (no shield)
rNeg    . . .      Spirit   +   (body armour unavailable)
rPois   .          Reflect  .   (helmet restricted)
rElec   .          Harm     .   (no cloak)
rCorr   .          Rampage  .   (no gloves)
Will    .....                   (no boots)
Stlth   ++........              y - amulet of guardian spirit
HPRegen 0.17/turn               f - ring of protection from cold
MPRegen 0.10/turn               v - +4 ring of slaying

@: hasted, very quick
A: AC +6, unfitting armour, cold-blooded
a: no special abilities


You were on level 4 of the Dungeon.
You visited 1 branch of the dungeon, and saw 4 of its levels.

You collected 365 gold pieces.

Inventory:

Hand Weapons
 a - a +0 club
 k - a +3 mace of distortion (weapon)
Jewellery
 f - a ring of protection from cold (left hand)
 v - a +4 ring of slaying (right hand)
 y - an amulet of guardian spirit (around neck)
Wands
 b - a wand of flame (37) (quivered)
 c - a wand of charming (14)
 d - a wand of iceblast (5)
Scrolls
 g - a scroll of enchant weapon
 i - 2 scrolls of blinking {unknown}
 m - 3 scrolls of teleportation
 n - 2 scrolls of butterflies {unknown}
 o - a scroll of vulnerability {unknown}
 p - a scroll of magic mapping {unknown}
 q - 2 scrolls of brand weapon {unknown}
 s - a scroll of torment {unknown}
 u - a scroll of immolation {unknown}
 w - a scroll of fear {unknown}
 x - a scroll of amnesia {unknown}
Potions
 h - 2 potions of heal wounds
 j - a potion of curing
 l - 2 potions of haste
 r - a potion of ambrosia
 t - a potion of might


   Skills:
 + Level 3.6 Fighting
 + Level 5.1 Maces & Flails
 + Level 3.1 Dodging
 + Level 1.6 Stealth
 + Level 3.7 Evocations


You had 5 spell levels left.
You didn't know any spells.
Your spell library contained the following spells:

 Spells                   Type           Power      Damage    Failure   Level
 Static Discharge         Conj/Air       0%         3-3/arc   45%         2
 Ozocubu's Armour         Ice            0%         N/A       69%         3
 Fireball                 Conj/Fire      0%         3d3       100%        5
 Freezing Cloud           Conj/Ice/Air   0%         6-21      100%        5
 Metabolic Englaciation   Hex/Ice        0%         N/A       100%        5
 Simulacrum               Ice/Necr       0%         N/A       100%        6
 Starburst                Conj/Fire      0%         6d3       100%        6
 Ignition                 Fire           0%         3d3       100%        8
 Summon Horrible Things   Summ           0%         N/A       100%        8
 Polar Vortex             Ice            0%         N/A       100%        9
 Animate Armour           Summ/Erth      Unusable   N/A       N/A         4

Dungeon Overview and Level Annotations

Branches:
Dungeon (4/15)
 Temple: D:4-7

Altars:

Annotations:
D:4 3 runed translucent doors, kalagan's ghost, amateur DECj


Innate Abilities, Weirdness & Mutations

Your plain brown scales are hard. (AC +6)
You cannot fit into any form of body armour.
You are cold-blooded and may be slowed by cold attacks.


Message History

Aiming: Throw Flame
Press: ? - help, Shift-Dir - straight line, f/p - Menkaure
Aim: Menkaure (lightly damaged, fast, 86% to hit)
The puff of flame hits Menkaure!
Menkaure is burned terribly!
Menkaure is severely damaged.
Aiming: Throw Flame
Press: ? - help, Shift-Dir - straight line, f/p - Menkaure
Aim: Menkaure (severely damaged, fast, 86% to hit)
The puff of flame hits Menkaure!
Menkaure is burned terribly!
You destroy Menkaure!
Your Maces & Flails skill increases to level 5!
Unknown command.
You now have 313 gold pieces (gained 15).
You now have 328 gold pieces (gained 15).
You now have 338 gold pieces (gained 10).
You now have 353 gold pieces (gained 15).
You now have 365 gold pieces (gained 12).
There is an open door here.
You open the door.
An ogre and a jackal come into view.
Found 51 gold pieces and a club.
There is an open door here.
The jackal barks!
The jackal bites you but does no damage.
The ogre closely misses you.
You barely miss the ogre. The jackal bites you. The jackal barely misses you.
You hit the ogre.
You tail-slap the ogre, but do no damage.
The ogre is lightly wounded.
The ogre hits you with a +0 giant club.
The jackal bites you but does no damage.
You hit the ogre.
Space warps around the ogre.
The ogre is heavily wounded.
The jackal closely misses you. x2
The ogre hits you with a +0 giant club!!
Ouch! That really hurt!
You feel yourself speed up.
The jackal bites you but does no damage.
The ogre hits you with a +0 giant club!!
You die...

#.#.# ##''## ...
#...###...†## .
######......##
#..#..#..# #...##...#
#...##...#
###..#..#..#########
##.##......###..O...#
##...##....## #.@h$..#
#.....####'####.$##..#
..#.#..'......'..##$.#
...#...########..$...#
..#.#..# #..)...#
#.....## ######+#
#.....# #######


You could see an ogre and a jackal.

Vanquished Creatures
  Menkaure (D:4)
  A necrophage (D:4)
  A hound (D:4)
  An iguana (D:4)
  Natasha (thrice) (D:3)
  An orc wizard (D:3)
  Robin (D:4)
  3 adders
  An ufetubus (D:4)
  4 worms
  2 dart slugs
  10 orcs
  6 bats
  8 endoplasms
  2 giant cockroaches (D:3)
  14 goblins
  12 hobgoblins
  A jackal (D:4)
  3 quokkas
  5 ball pythons
  6 frilled lizards
  A kobold (D:2)
  6 rats
93 creatures vanquished.

Vanquished Creatures (others)
  3 fungi (D:4)
  4 plants
7 creatures vanquished.

Grand Total: 100 creatures vanquished

Notes
Turn   | Place    | Note
-------+----------+-------------------------------------------
     0 | D:1      | ImASeal the Draconian Artificer began the quest for the
                  | Orb.
     0 | D:1      | Reached XP level 1. HP: 16/16 MP: 1/1
   427 | D:1      | Reached XP level 2. HP: 22/23 MP: 2/2
   512 | D:1      | Found a faded altar of an unknown god.
  1267 | D:2      | Reached XP level 3. HP: 28/28 MP: 3/3
  1301 | D:2      | Reached skill level 1 in Stealth
  1476 | D:2      | Reached skill level 1 in Maces & Flails
  2176 | D:3      | Noticed Natasha
  2188 | D:3      | Reached XP level 4. HP: 35/35 MP: 4/4
  2199 | D:3      | Killed Natasha
  2200 | D:3      | Reached skill level 2 in Maces & Flails
  2427 | D:3      | Reached skill level 3 in Maces & Flails
  2518 | D:3      | Got the Omnibus of the Dynamic Escort
  2580 | D:3      | Reached XP level 5. HP: 40/40 MP: 5/5
  2583 | D:3      | Noticed Natasha
  2590 | D:3      | Killed Natasha
  2755 | D:3      | Noticed Natasha
  2763 | D:3      | Killed Natasha
  3188 | D:4      | Noticed Robin
  3196 | D:4      | Killed Robin
  3254 | D:4      | Found a runed translucent gate.
  3254 | D:4      | Found a runed translucent gate.
  3254 | D:4      | Found a runed translucent gate.
  3257 | D:4      | Noticed kalagan's ghost (amateur DECj)
  3374 | D:4      | Reached XP level 6. HP: 36/51 MP: 3/6
  3375 | D:4      | Reached skill level 4 in Maces & Flails
  3521 | D:4      | Noticed Menkaure
  3548 | D:4      | Killed Menkaure
  3549 | D:4      | Reached skill level 5 in Maces & Flails
  3581 | D:4      | Slain by an ogre

Illustrated notes

Levels and vault maps discovered:
D:1:      dpeg_arrival_pits, layout_loops_ring,
          shapermc_ecumenical_altar_totnotflames
D:2:      minmay_inner_zag, layout_rooms, minmay_misc_feat_rugged,
          minmay_tetromino_t2
D:3:      minmay_wonky_spiral, layout_rooms, chequers_serial_rivers_marsh,
          serial_bayou_pond_c, uniq_natasha
D:4:      minmay_polygon_palace, layout_basic, gammafunk_ghost_nasty_kobolds,
          corner_web_ring, uniq_pikel, uniq_menkaure, uniq_robin, uniq_eustachio

Skill      XL: |  1  2  3  4  5  6 |
---------------+-------------------+-----
Stealth        | 1 |  1.6
Maces & Flails | 1 3 5 |  5.1
Fighting       | 3 |  3.6
Dodging        | 3 |  3.1
Evocations     | |  3.7

Action                   |  1- 3 |  4- 6 || total
-------------------------+-------+-------++-------
Melee: Club              |    34 |       ||    34
       Tailslap          |    10 |     4 ||    14
       Mace              |    70 |    99 ||   169
       Punch             |       |     1 ||     1
Evoke: Wand              |       |     4 ||     4
  Use: Scroll            |     1 |     6 ||     7
       Potion            |       |     2 ||     2
 Stab: Sleeping          |     4 |     2 ||     6
Armor: Skin              |    38 |    23 ||    61
Dodge: Dodged            |    87 |    44 ||   131
